[Event "41st Jacques-Lemans-Open 2022"]
[Site "St. Veit/Glan"]
[Date "2022.07.10"]
[Round "3.11"]
[White "Sandhoefner, Florian"]
[Black "Lipp, Alfred"]
[Result "1-0"]
[ECO "D35"]
[WhiteElo "2289"]
[BlackElo "2011"]
[Annotator "RC"]
[PlyCount "59"]
[EventDate "2022.07.09"]
[EventType "swiss"]
[EventCountry "AUT"]
[SourceTitle "playchess.com"]
[Source "ChessBase"]
[SourceQuality "1"]
[TimeControl "40/5400+30:1800+30"]

1. d4 d5 2. c4 e6 3. Nc3 Nf6 4. cxd5 exd5 5. Bg5 Be7 6. e3 O-O 7. Qc2 Nbd7 8. Bd3 Re8 9. Nf3 Nf8 10. O-O c6 11. Rab1 h6 12. Bh4 Ne4 13. Bxe7 Qxe7 14. b4 Bf5 15. b5 Ng6 16. bxc6 bxc6 17. Rfc1 Rad8 18. Bxe4 dxe4 19. Nd2 Nh4 20. Ne2 Qg5 21. Ng3 Rxd4 22. exd4 e3 23. Qxc6 exf2+ 24. Kh1 Re1+ 25. Rxe1 fxe1=Q+ 26. Rxe1 Qxd2 27. Qe8+ Kh7 28. Qe2 Qxd4 29. Nxf5 Nxf5 30. Qe4 1-0

[Event "41st Jacques-Lemans-Open 2022"]
[Site "St. Veit/Glan"]
[Date "2022.07.10"]
[Round "3.12"]
[White "Kozomara, David"]
[Black "Caruso, Augusto"]
[Result "1/2-1/2"]
[ECO "C01"]
[WhiteElo "2016"]
[BlackElo "2132"]
[Annotator "RC"]
[PlyCount "101"]
[EventDate "2022.07.09"]
[EventType "swiss"]
[EventCountry "AUT"]
[SourceTitle "playchess.com"]
[Source "ChessBase"]
[SourceQuality "1"]
[TimeControl "40/5400+30:1800+30"]

1. e4 e6 2. d4 d5 3. exd5 exd5 4. Bd3 Bd6 5. c3 Ne7 6. Ne2 Bf5 7. Bg5 Qd7 8. O-O Ng6 9. Ng3 Bxd3 10. Qxd3 O-O 11. Nf5 Bf4 12. Ne7+ Nxe7 13. Bxf4 Ng6 14. Bg3 f5 15. Be5 f4 16. Nd2 Nc6 17. Nf3 Rae8 18. Rfe1 Re7 19. Re2 Nd8 20. Rae1 Nf7 21. c4 c6 22. c5 Rfe8 23. b4 b5 24. a3 Ra8 25. Qc2 a5 26. h3 axb4 27. axb4 Ra4 28. Bxf4 Rxe2 29. Qxe2 Ra8 30. Bg3 Rc8 31. Ne5 Nfxe5 32. Bxe5 Re8 33. Qf3 Nxe5 34. dxe5 Qe6 35. Qh5 g6 36. Qg5 Kg7 37. f4 h6 38. Qf6+ Qxf6 39. exf6+ Kf7 40. Re5 Ra8 41. f5 gxf5 42. Rxf5 Kg6 43. Rf3 Rf8 44. f7 Rxf7 45. Rg3+ Kf6 46. Kf2 Ke5+ 47. Ke2 Rf6 48. Rg4 Re6 49. Kf3 Rf6+ 50. Ke2 Re6 51. Kf3 1/2-1/2

[Event "41st Jacques-Lemans-Open 2022"]
[Site "St. Veit/Glan"]
[Date "2022.07.10"]
[Round "3.13"]
[White "Hechl, Gerald"]
[Black "Guetz, Wolfgang"]
[Result "1/2-1/2"]
[ECO "A20"]
[WhiteElo "2222"]
[BlackElo "2034"]
[Annotator "RC"]
[PlyCount "119"]
[EventDate "2022.07.09"]
[EventType "swiss"]
[EventCountry "AUT"]
[SourceTitle "playchess.com"]
[Source "ChessBase"]
[SourceQuality "1"]
[TimeControl "40/5400+30:1800+30"]

1. c4 e5 2. e3 Nf6 3. Nc3 d5 4. cxd5 Nxd5 5. Qh5 Nb4 6. Qxe5+ Be7 7. Qe4 Nd7 8. a3 Nc5 9. Qb1 Nbd3+ 10. Bxd3 Nxd3+ 11. Ke2 Bf5 12. e4 Nf4+ 13. Kf3 Ne6 14. g3 Nd4+ 15. Kg2 Be6 16. Nge2 Nb3 17. d4 Nxa1 18. Qxa1 Bc4 19. Be3 Bxe2 20. Nxe2 O-O 21. Qa2 a5 22. h4 Qd7 23. Nf4 Kh8 24. e5 c6 25. Qb1 a4 26. Qe4 Ra5 27. Bd2 Rb5 28. Bc3 Rb3 29. d5 cxd5 30. Nxd5 Rd8 31. Nxe7 Qxe7 32. Qxa4 Rb6 33. Re1 Ra6 34. Qe4 Qd7 35. Kh2 Ra4 36. Qe3 Qf5 37. Re2 Rd3 38. Rd2 Rxd2 39. Qxd2 h6 40. Kg2 Qe4+ 41. Kh2 Qf3 42. e6 f6 43. Bb4 Ra6 44. e7 Re6 45. Kg1 Qe4 46. Qd8+ Kh7 47. Qd7 Rc6 48. Qd2 Re6 49. Kh2 Re5 50. Qd7 Qe2 51. Qd4 Re4 52. Qc5 Re5 53. Qa7 Qxb2 54. Kg2 Qe2 55. Qxb7 Qe4+ 56. Qxe4+ Rxe4 57. f3 Re6 58. g4 g6 59. Kg3 Kg7 60. Kf4 1/2-1/2

[Event "41st Jacques-Lemans-Open 2022"]
[Site "St. Veit/Glan"]
[Date "2022.07.10"]
[Round "3.14"]
[White "Gschiel, Alexander"]
[Black "Hng, Mei-En Emmanuelle"]
[Result "0-1"]
[ECO "A77"]
[WhiteElo "2215"]
[BlackElo "1997"]
[Annotator "RC"]
[PlyCount "92"]
[EventDate "2022.07.09"]
[EventType "swiss"]
[EventCountry "AUT"]
[SourceTitle "playchess.com"]
[Source "ChessBase"]
[SourceQuality "1"]
[TimeControl "40/5400+30:1800+30"]

1. d4 Nf6 2. c4 e6 3. Nf3 c5 4. d5 exd5 5. cxd5 d6 6. Nc3 g6 7. Nd2 Bg7 8. e4 O-O 9. Be2 Re8 10. O-O a6 11. a4 a5 12. f4 Nbd7 13. Bf3 Nb6 14. Re1 h5 15. h3 c4 16. Nb5 Bf8 17. Nf1 Bd7 18. Nc3 Rc8 19. Be3 Na8 20. Bf2 Nh7 21. Ng3 Nc7 22. Bb6 Qh4 23. Nge2 Na6 24. Bf2 Qd8 25. f5 Bh6 26. Nd4 Nc5 27. fxg6 fxg6 28. Be3 Bxe3+ 29. Rxe3 Qg5 30. Qe2 Nd3 31. Kh1 Nf4 32. Qd2 Qe5 33. Nde2 Nd3 34. b3 Ng5 35. bxc4 Nf2+ 36. Kg1 Nxf3+ 37. Rxf3 Nxe4 38. Qh6 Bf5 39. Qf4 Rxc4 40. Qxe5 Rxe5 41. Nxe4 Bxe4 42. Rf6 Bf5 43. Ng3 Rxd5 44. Nxf5 gxf5 45. Re1 Re4 46. Rc1 Kg7 0-1

[Event "41st Jacques-Lemans-Open 2022"]
[Site "St. Veit/Glan"]
[Date "2022.07.10"]
[Round "3.15"]
[White "Ofner, Maximilian"]
[Black "Kempe, Caius Emilian"]
[Result "1-0"]
[ECO "A09"]
[WhiteElo "2194"]
[BlackElo "1877"]
[Annotator "RC"]
[PlyCount "91"]
[EventDate "2022.07.09"]
[EventType "swiss"]
[EventCountry "AUT"]
[SourceTitle "playchess.com"]
[Source "ChessBase"]
[SourceQuality "1"]
[TimeControl "40/5400+30:1800+30"]

1. Nf3 d5 2. c4 d4 3. e3 c5 4. b4 dxe3 5. fxe3 e5 6. Nxe5 Qh4+ 7. g3 Qe4 8. Nf3 cxb4 9. d3 Qg6 10. Bg2 Bd6 11. O-O Ne7 12. e4 O-O 13. d4 Bg4 14. e5 Bc7 15. Qb3 Nbc6 16. Bb2 Rad8 17. Nbd2 Bb6 18. c5 Bc7 19. Nh4 Qe6 20. Qe3 Nd5 21. Qe4 Bh3 22. Bxh3 Qxh3 23. Nc4 Qe6 24. Nf5 Nc3 25. Bxc3 Qxc4 26. Qg4 g6 27. Bb2 Qe6 28. Nh6+ Kg7 29. Qh4 Nxd4 30. Bxd4 Rxd4 31. Qxd4 Bxe5 32. Qd2 Bxa1 33. Rxa1 Qe5 34. Rf1 Qxc5+ 35. Kg2 f5 36. Rc1 Qe5 37. Re1 Qc5 38. Qg5 Qc6+ 39. Kh3 Qf6 40. Re7+ Kh8 41. Qxf6+ Rxf6 42. Kh4 g5+ 43. Kxg5 Rg6+ 44. Kh5 Rb6 45. Nxf5 a5 46. Re8# 1-0

[Event "41st Jacques-Lemans-Open 2022"]
[Site "St. Veit/Glan"]
[Date "2022.07.10"]
[Round "3.16"]
[White "Mattenberger, Matthias"]
[Black "Mitscherling, Andreas"]
[Result "0-1"]
[ECO "E42"]
[WhiteElo "2005"]
[BlackElo "2165"]
[Annotator "RC"]
[PlyCount "68"]
[EventDate "2022.07.09"]
[EventType "swiss"]
[EventCountry "AUT"]
[SourceTitle "playchess.com"]
[Source "ChessBase"]
[SourceQuality "1"]
[TimeControl "40/5400+30:1800+30"]

1. d4 Nf6 2. c4 e6 3. Nc3 Bb4 4. e3 c5 5. Nge2 d5 6. a3 Bxc3+ 7. Nxc3 cxd4 8. exd4 Nc6 9. Be3 O-O 10. Rc1 b6 11. cxd5 Nxd5 12. Bd3 Bb7 13. Qh5 f5 14. O-O Nxe3 15. fxe3 Ne7 16. Bc4 Qd7 17. Qg5 Rac8 18. Bb3 Ba6 19. Rfd1 Bc4 20. Bc2 Nd5 21. e4 Nxc3 22. bxc3 fxe4 23. Bxe4 Bd5 24. Bd3 b5 25. Re1 Rf6 26. Re3 Rcf8 27. Rg3 Bc4 28. Bxc4 bxc4 29. Re3 Qc6 30. Qg4 Rg6 31. Qe4 Qd6 32. Rce1 Qxa3 33. d5 Qb2 34. dxe6 Qf2+ 0-1

[Event "41st Jacques-Lemans-Open 2022"]
[Site "St. Veit/Glan"]
[Date "2022.07.10"]
[Round "3.17"]
[White "Erber, Siegfried"]
[Black "Koelber, Daniel"]
[Result "0-1"]
[ECO "B23"]
[WhiteElo "1967"]
[BlackElo "2176"]
[Annotator "RC"]
[PlyCount "80"]
[EventDate "2022.07.09"]
[EventType "swiss"]
[EventCountry "AUT"]
[SourceTitle "playchess.com"]
[Source "ChessBase"]
[SourceQuality "1"]
[TimeControl "40/5400+30:1800+30"]

1. e4 c5 2. Nc3 a6 3. f4 b5 4. Nf3 Bb7 5. d3 e6 6. Be2 d5 7. exd5 exd5 8. O-O Nf6 9. Ne5 Bd6 10. Bf3 O-O 11. Qe1 Re8 12. Qh4 Nbd7 13. Nxd7 Qxd7 14. Bd2 d4 15. Ne4 Nxe4 16. dxe4 Bxe4 17. f5 Bxf5 18. Bxa8 Rxa8 19. Rac1 Bg6 20. Bf4 Bf8 21. Rfe1 a5 22. Re2 f6 23. Qg3 Bf7 24. Rce1 a4 25. a3 Rc8 26. Rd2 Bg6 27. Kh1 Qd5 28. Qf3 Qd7 29. Qe2 Re8 30. Qf2 Be4 31. c3 d3 32. Be3 Qd5 33. Kg1 Rc8 34. Qg3 b4 35. c4 Qxc4 36. Rf2 bxa3 37. bxa3 Bg6 38. Rf4 Qb3 39. Qg4 Re8 40. Rxa4 d2 0-1

[Event "41st Jacques-Lemans-Open 2022"]
[Site "St. Veit/Glan"]
[Date "2022.07.10"]
[Round "3.18"]
[White "Tumanyan, Gor"]
[Black "Schwab, Lukas"]
[Result "1/2-1/2"]
[ECO "C50"]
[WhiteElo "1884"]
[BlackElo "2166"]
[Annotator "RC"]
[PlyCount "70"]
[EventDate "2022.07.09"]
[EventType "swiss"]
[EventCountry "AUT"]
[SourceTitle "playchess.com"]
[Source "ChessBase"]
[SourceQuality "1"]
[TimeControl "40/5400+30:1800+30"]

1. e4 e5 2. Nf3 Nc6 3. Bc4 Bc5 4. O-O Nf6 5. d4 Bxd4 6. Nxd4 Nxd4 7. f4 d6 8. fxe5 dxe5 9. Bg5 Qe7 10. Na3 Rg8 11. Kh1 Bd7 12. c3 Ne6 13. Bxf6 gxf6 14. Qf3 Rg6 15. b4 O-O-O 16. Qe3 Kb8 17. Nb5 Bxb5 18. Bxb5 Qd6 19. Bc4 Qd2 20. Qxd2 Rxd2 21. Rad1 Rxd1 22. Rxd1 Kc8 23. g3 Ng5 24. Kg2 c6 25. Bd3 Rg8 26. h4 Ne6 27. Bc4 Rd8 28. Rf1 Rd6 29. Kh2 Ng7 30. Kh3 Kd8 31. Bxf7 Ke7 32. Bc4 b5 33. Bg8 h6 34. Rf3 Rd2 35. Re3 Rd1 1/2-1/2

[Event "41st Jacques-Lemans-Open 2022"]
[Site "St. Veit/Glan"]
[Date "2022.07.10"]
[Round "3.19"]
[White "Sucher, Johannes"]
[Black "Markun, Ozbej"]
[Result "1-0"]
[ECO "D02"]
[WhiteElo "2164"]
[BlackElo "1915"]
[Annotator "RC"]
[PlyCount "104"]
[EventDate "2022.07.09"]
[EventType "swiss"]
[EventCountry "AUT"]
[SourceTitle "playchess.com"]
[Source "ChessBase"]
[SourceQuality "1"]
[TimeControl "40/5400+30:1800+30"]

1. d4 d5 2. Nf3 e6 3. c4 f5 4. Nc3 Nf6 5. Bg5 c6 6. e3 Bd6 7. Ne5 O-O 8. f4 Qe8 9. Be2 Nbd7 10. O-O Kh8 11. c5 Be7 12. b4 Nxe5 13. fxe5 Ne4 14. Nxe4 fxe4 15. Bxe7 Rxf1+ 16. Qxf1 Qxe7 17. Qf4 Bd7 18. Rf1 Kg8 19. Bh5 Rf8 20. Qxf8+ Qxf8 21. Rxf8+ Kxf8 22. Kf2 Ke7 23. Be2 Kd8 24. Ke1 Kc7 25. Kd2 b5 26. cxb6+ Kxb6 27. Kc3 Be8 28. Kb3 Bd7 29. Bg4 Bc8 30. a4 a6 31. h4 Bd7 32. a5+ Kb7 33. Kc3 Kc7 34. Kd2 Kd8 35. Be2 Bc8 36. Ke1 Ke7 37. Kf2 Kf7 38. Kg3 h6 39. Kf4 Ke7 40. Bh5 Bd7 41. Kg4 Kf8 42. Bg6 Ke7 43. Kh5 Kf8 44. g4 Ke7 45. g5 hxg5 46. Kxg5 Kf8 47. Bh5 Kg8 48. Be2 Bc8 49. Kg6 Kf8 50. h5 Kg8 51. h6 gxh6 52. Kf6 Kf8 1-0

[Event "41st Jacques-Lemans-Open 2022"]
[Site "St. Veit/Glan"]
[Date "2022.07.10"]
[Round "3.20"]
[White "Feinig, Mario"]
[Black "Merei, David"]
[Result "1-0"]
[ECO "B52"]
[WhiteElo "2141"]
[BlackElo "1839"]
[Annotator "NA RC"]
[PlyCount "53"]
[EventDate "2022.07.09"]
[EventType "swiss"]
[EventCountry "AUT"]
[SourceTitle "playchess.com"]
[Source "ChessBase"]
[SourceQuality "1"]
[TimeControl "40/5400+30:1800+30"]

1. e4 c5 2. Nf3 d6 3. Bb5+ Bd7 4. Bxd7+ Qxd7 5. c4 Nc6 6. Nc3 Nf6 7. d4 cxd4 8. Nxd4 g6 9. f3 Bg7 10. Be3 O-O 11. O-O Rac8 12. b3 Rfd8 13. Qd2 e6 14. Rad1 d5 15. cxd5 exd5 16. Nxc6 bxc6 17. e5 Ne8 18. f4 f6 19. Ne4 fxe5 20. fxe5 Bxe5 21. Bg5 Qc7 22. Bxd8 Bxh2+ 23. Kh1 Rxd8 24. Qh6 Bd6 25. Ng5 Rd7 26. Ne6 Qc8 27. Rf8+ 1-0

[Event "41st Jacques-Lemans-Open 2022"]
[Site "St. Veit/Glan"]
[Date "2022.07.10"]
[Round "3.21"]
[White "Burbach, Brunel Baron"]
[Black "Hofstadler, Mario"]
[Result "0-1"]
[ECO "B13"]
[WhiteElo "1820"]
[BlackElo "2123"]
[Annotator "RC"]
[PlyCount "120"]
[EventDate "2022.07.09"]
[EventType "swiss"]
[EventCountry "AUT"]
[SourceTitle "playchess.com"]
[Source "ChessBase"]
[SourceQuality "1"]
[TimeControl "40/5400+30:1800+30"]

1. e4 c6 2. d4 d5 3. exd5 cxd5 4. Bd3 Nc6 5. c3 Nf6 6. Bf4 Bg4 7. Qb3 Qc8 8. Nd2 e6 9. Ngf3 Be7 10. O-O Bh5 11. Rae1 O-O 12. Qc2 Bg6 13. Bxg6 hxg6 14. Qd3 a6 15. Ng5 Nh7 16. Nxh7 Kxh7 17. Re3 Rh8 18. Rfe1 Qd8 19. Rh3+ Kg8 20. Ree3 Rxh3 21. Rxh3 Bf6 22. Qg3 Rc8 23. Nf3 Ne7 24. Bg5 Nf5 25. Qf4 Qc7 26. g4 Bxg5 27. Qxg5 Nh6 28. Ne5 Qd8 29. Qxd8+ Rxd8 30. Rg3 g5 31. h3 f6 32. Nd3 b6 33. Re3 Kf7 34. f4 gxf4 35. Nxf4 Rd6 36. Kg2 Ng8 37. Kf3 g5 38. Ng2 Ne7 39. h4 gxh4 40. Nxh4 Rd8 41. Kg3 Nc8 42. Re2 Nd6 43. Rh2 Rh8 44. Nf3 Rxh2 45. Nxh2 Nc4 46. b3 Nd6 47. Kf4 Nb5 48. c4 Nxd4 49. cxd5 exd5 50. Ke3 Nc6 51. Nf1 Ke6 52. Kf4 a5 53. Nd2 Nb4 54. a3 Nc2 55. a4 Nd4 56. Ke3 Nc6 57. Nf3 Kd6 58. g5 fxg5 59. Nxg5 Kc5 60. Nf3 Kb4 0-1

[Event "41st Jacques-Lemans-Open 2022"]
[Site "St. Veit/Glan"]
[Date "2022.07.10"]
[Round "3.22"]
[White "Katter, Katharina"]
[Black "Bauer, Sebastian"]
[Result "0-1"]
[ECO "A49"]
[WhiteElo "2000"]
[BlackElo "2380"]
[Annotator "RC"]
[PlyCount "118"]
[EventDate "2022.07.09"]
[EventType "swiss"]
[EventCountry "AUT"]
[SourceTitle "playchess.com"]
[Source "ChessBase"]
[SourceQuality "1"]
[TimeControl "40/5400+30:1800+30"]

1. d4 Nf6 2. Nf3 g6 3. g3 Bg7 4. Bg2 O-O 5. O-O d6 6. Nc3 c6 7. e4 Qc7 8. e5 dxe5 9. Nxe5 Be6 10. Bf4 Qc8 11. Qe2 Nbd7 12. Rad1 Nb6 13. a4 Rd8 14. a5 Nbd5 15. Nxd5 Bxd5 16. c4 Bxg2 17. Kxg2 Nh5 18. Bc1 c5 19. d5 Qc7 20. Nd3 Re8 21. Be3 b6 22. axb6 axb6 23. Ra1 Rad8 24. Rfd1 e6 25. Nf4 Nxf4+ 26. Bxf4 Qb7 27. Qf3 Bxb2 28. Rab1 Bd4 29. dxe6 Qxf3+ 30. Kxf3 Rxe6 31. Rb3 Ra8 32. Rdb1 Ra2 33. Be3 Rf6+ 34. Ke4 Re6+ 35. Kf3 Bxe3 36. fxe3 Rxh2 37. Rxb6 Rxb6 38. Rxb6 Rc2 39. Ke4 Rxc4+ 40. Kd5 Rg4 41. Kxc5 Rxg3 42. Kd4 Kg7 43. Ke4 h5 44. Kf4 Rg4+ 45. Kf3 f5 46. Rb8 Kh6 47. Rh8+ Kg5 48. Rh7 h4 49. Rh8 Rg3+ 50. Kf2 Kg4 51. Rg8 g5 52. Rg7 Rf3+ 53. Ke2 Rh3 54. Kf2 Rh2+ 55. Kg1 Re2 56. Re7 h3 57. Kf1 Ra2 58. Rh7 h2 59. Rh6 Kg3 0-1

[Event "41st Jacques-Lemans-Open 2022"]
[Site "St. Veit/Glan"]
[Date "2022.07.10"]
[Round "3.23"]
[White "Fahrner, Kurt"]
[Black "Stadlinger, Matthias"]
[Result "1-0"]
[ECO "A08"]
[WhiteElo "2331"]
[BlackElo "1975"]
[Annotator "RC"]
[PlyCount "59"]
[EventDate "2022.07.09"]
[EventType "swiss"]
[EventCountry "AUT"]
[SourceTitle "playchess.com"]
[Source "ChessBase"]
[SourceQuality "1"]
[TimeControl "40/5400+30:1800+30"]

1. g3 e6 2. Bg2 d5 3. d3 Nf6 4. Nd2 c5 5. e4 Nc6 6. Ngf3 Be7 7. O-O O-O 8. Re1 b5 9. e5 Nd7 10. Nf1 Qb6 11. h4 a5 12. N1h2 a4 13. a3 b4 14. h5 c4 15. d4 c3 16. bxc3 bxa3 17. h6 g6 18. Bxa3 Qc7 19. Ng4 Ba6 20. Bxe7 Nxe7 21. Rxa4 Qxc3 22. Re3 Qc6 23. Rea3 Be2 24. Qa1 Rxa4 25. Rxa4 Bxf3 26. Bxf3 Nf5 27. Ra7 Nb6 28. Qa3 Ra8 29. Nf6+ Kh8 30. Rxf7 1-0

[Event "41st Jacques-Lemans-Open 2022"]
[Site "St. Veit/Glan"]
[Date "2022.07.10"]
[Round "3.24"]
[White "Missethan, Michael"]
[Black "Dotzer, Lukas"]
[Result "0-1"]
[ECO "B51"]
[WhiteElo "1991"]
[BlackElo "2269"]
[Annotator "RC"]
[PlyCount "156"]
[EventDate "2022.07.09"]
[EventType "swiss"]
[EventCountry "AUT"]
[SourceTitle "playchess.com"]
[Source "ChessBase"]
[SourceQuality "1"]
[TimeControl "40/5400+30:1800+30"]

1. e4 c5 2. Nf3 d6 3. Bb5+ Nd7 4. d4 cxd4 5. Qxd4 a6 6. Bxd7+ Bxd7 7. O-O Nf6 8. c4 g6 9. Nc3 Bg7 10. a4 O-O 11. Qd3 Rc8 12. Be3 Qa5 13. Bd2 Qb4 14. Nd5 Qxc4 15. Nxe7+ Kh8 16. Qxd6 Nxe4 17. Qxd7 Rcd8 18. Qxb7 Nxd2 19. Rfd1 Nxf3+ 20. Qxf3 Bxb2 21. Rxd8 Rxd8 22. Rd1 Rxd1+ 23. Qxd1 Bd4 24. Nc6 Bxf2+ 25. Kxf2 Qxc6 26. Qd4+ Kg8 27. h3 h5 28. Kg1 Qc1+ 29. Kh2 Qc7+ 30. Kg1 a5 31. Kh1 Qe7 32. Kh2 h4 33. Qg4 Qd6+ 34. Kg1 Qb4 35. Qd7 Kg7 36. Qb5 f6 37. Qd7+ Kh6 38. Qc6 Qd4+ 39. Kh2 g5 40. Qb5 Qe5+ 41. Kg1 Kg6 42. Qc6 Qe1+ 43. Kh2 Qg3+ 44. Kg1 Qe5 45. Kh1 Kf5 46. Qc8+ Ke4 47. Qc4+ Ke3 48. Qc6 Kd2 49. Qc4 Qa1+ 50. Kh2 Qc3 51. Qd5+ Kc2 52. Qb5 Qe5+ 53. Kg1 Kc3 54. Kf1 Kd4 55. Qc6 Kd3 56. Kg1 Kd2 57. Qd7+ Kc3 58. Qb5 Kd4 59. Qc6 f5 60. Kh1 f4 61. Kg1 Qc5 62. Qd7+ Kc3+ 63. Kh2 f3 64. gxf3 Qf2+ 65. Kh1 Qxf3+ 66. Kh2 Qf2+ 67. Kh1 Qe1+ 68. Kg2 Qd2+ 69. Qxd2+ Kxd2 70. Kf3 Kc3 71. Kg4 Kb4 72. Kxg5 Kxa4 73. Kxh4 Kb4 74. Kg5 a4 75. h4 a3 76. h5 a2 77. h6 a1=Q 78. Kg6 Qh8 0-1

[Event "41st Jacques-Lemans-Open 2022"]
[Site "St. Veit/Glan"]
[Date "2022.07.10"]
[Round "3.25"]
[White "Novosel, Lovro"]
[Black "Buchegger, Fridolin"]
[Result "1-0"]
[ECO "E69"]
[WhiteElo "2255"]
[BlackElo "1961"]
[Annotator "RC"]
[PlyCount "49"]
[EventDate "2022.07.09"]
[EventType "swiss"]
[EventCountry "AUT"]
[SourceTitle "playchess.com"]
[Source "ChessBase"]
[SourceQuality "1"]
[TimeControl "40/5400+30:1800+30"]

1. d4 Nf6 2. Nf3 g6 3. g3 Bg7 4. Bg2 O-O 5. O-O c6 6. c4 d6 7. Nc3 Nbd7 8. e4 e5 9. h3 a5 10. Be3 Re8 11. Qc2 exd4 12. Nxd4 Nc5 13. Rad1 Qe7 14. Rfe1 Ne6 15. f4 Nxd4 16. Bxd4 Nd7 17. Qf2 Bf8 18. b3 Nc5 19. e5 Ne6 20. exd6 Qxd6 21. Ne4 Qd8 22. Nf6+ Kh8 23. Nxe8+ Nxd4 24. Rxd4 Qb6 25. Nd6 1-0

[Event "41st Jacques-Lemans-Open 2022"]
[Site "St. Veit/Glan"]
[Date "2022.07.10"]
[Round "3.26"]
[White "Bauer, Thomas"]
[Black "Hengl, Philip"]
[Result "1-0"]
[ECO "B47"]
[WhiteElo "2228"]
[BlackElo "1968"]
[Annotator "RC"]
[PlyCount "83"]
[EventDate "2022.07.09"]
[EventType "swiss"]
[EventCountry "AUT"]
[SourceTitle "playchess.com"]
[Source "ChessBase"]
[SourceQuality "1"]
[TimeControl "40/5400+30:1800+30"]

1. e4 c5 2. Nc3 e6 3. Nf3 Nc6 4. d4 cxd4 5. Nxd4 Qc7 6. Be2 a6 7. O-O Nf6 8. Be3 b5 9. a3 Be7 10. f4 Bb7 11. Nb3 d6 12. Kh1 O-O 13. Bf3 Rac8 14. Qe1 h6 15. Qg3 Kh8 16. Qh3 Nh7 17. Rf2 Bf6 18. Rg1 Ne7 19. Nd1 e5 20. fxe5 Bxe5 21. Rd2 Rcd8 22. Nc3 Bc8 23. Qh4 f5 24. Qf2 Rde8 25. Bb6 Qb8 26. Ba7 Qc7 27. Bb6 Qb8 28. Bd4 Ng5 29. Bxe5 dxe5 30. Qc5 Bb7 31. Rd7 fxe4 32. Bh5 g6 33. Qb6 gxh5 34. Rxb7 Qc8 35. Qxh6+ Nh7 36. Na5 Qf5 37. Nd5 Rf7 38. Nxe7 Rfxe7 39. Qxa6 Rxb7 40. Nxb7 Ng5 41. Qh6+ Nh7 42. Nd6 1-0

[Event "41st Jacques-Lemans-Open 2022"]
[Site "St. Veit/Glan"]
[Date "2022.07.10"]
[Round "3.27"]
[White "Tonel, Giulia"]
[Black "Schein, Karl-Heinz"]
[Result "1/2-1/2"]
[ECO "B14"]
[WhiteElo "1969"]
[BlackElo "2167"]
[Annotator "RC"]
[PlyCount "50"]
[EventDate "2022.07.09"]
[EventType "swiss"]
[EventCountry "AUT"]
[SourceTitle "playchess.com"]
[Source "ChessBase"]
[SourceQuality "1"]
[TimeControl "40/5400+30:1800+30"]

1. e4 c6 2. d4 d5 3. exd5 cxd5 4. c4 Nf6 5. Nc3 e6 6. Nf3 Be7 7. Bd3 O-O 8. O-O Nc6 9. a3 b6 10. b4 dxc4 11. Bxc4 Bb7 12. Bb2 Nd5 13. Nxd5 exd5 14. Bd3 Bd6 15. Rc1 Ne7 16. Ne5 g6 17. Qg4 Bc8 18. Qf3 Be6 19. Ba6 Rb8 20. Bb5 Bxe5 21. dxe5 Rc8 22. h3 Nf5 23. Bc6 Nh4 24. Qe3 Nf5 25. Qf3 Qg5 1/2-1/2

[Event "41st Jacques-Lemans-Open 2022"]
[Site "St. Veit/Glan"]
[Date "2022.07.10"]
[Round "3.28"]
[White "Kienboeck, Benjamin"]
[Black "Elpons, Walter"]
[Result "0-1"]
[ECO "B94"]
[WhiteElo "2151"]
[BlackElo "1952"]
[Annotator "RC"]
[PlyCount "88"]
[EventDate "2022.07.09"]
[EventType "swiss"]
[EventCountry "AUT"]
[SourceTitle "playchess.com"]
[Source "ChessBase"]
[SourceQuality "1"]
[TimeControl "40/5400+30:1800+30"]

1. e4 c5 2. Nf3 d6 3. d4 cxd4 4. Nxd4 Nf6 5. Nc3 a6 6. Bg5 e5 7. Nb3 Be7 8. Qd2 Be6 9. O-O-O Nbd7 10. f3 Rc8 11. Kb1 O-O 12. g4 b5 13. Be3 Nb6 14. Qf2 Nc4 15. Bxc4 bxc4 16. Nc1 Rb8 17. g5 Nh5 18. Qd2 Qc7 19. Nd5 Bxd5 20. Qxd5 Rb5 21. Qd2 c3 22. Qd3 Rxb2+ 23. Ka1 Qa5 24. Qd5 Rfb8 25. Nd3 Qxd5 26. exd5 Rxc2 27. Rb1 Re8 28. Nb4 Re2 29. Nc6 Rxe3 30. Nxe7+ Kf8 31. Nf5 Rxf3 32. Nxd6 Rd8 33. Rb6 Rd3 34. Ne4 R8xd5 35. Kb1 Re3 36. Rb4 Nf4 37. Rc1 Ne2 38. Rf1 c2+ 39. Kxc2 Nd4+ 40. Kd2 Rxe4 41. Rb8+ Ke7 42. Rb7+ Ke6 43. Rfxf7 Nf5+ 44. Kc3 Re3+ 0-1

[Event "41st Jacques-Lemans-Open 2022"]
[Site "St. Veit/Glan"]
[Date "2022.07.10"]
[Round "3.29"]
[White "Enne, Harald"]
[Black "Hoffmann, Sebastian"]
[Result "1/2-1/2"]
[ECO "D18"]
[WhiteElo "1919"]
[BlackElo "2148"]
[Annotator "RC"]
[PlyCount "106"]
[EventDate "2022.07.09"]
[EventType "swiss"]
[EventCountry "AUT"]
[SourceTitle "playchess.com"]
[Source "ChessBase"]
[SourceQuality "1"]
[TimeControl "40/5400+30:1800+30"]

1. d4 d5 2. c4 c6 3. Nc3 Nf6 4. Nf3 dxc4 5. a4 Bf5 6. e3 e6 7. Bxc4 Bb4 8. O-O Nbd7 9. Qb3 a5 10. Na2 Bd6 11. Re1 Ne4 12. Nc3 Qc7 13. Nxe4 Bxe4 14. Bxe6 Nf6 15. Bc4 Bxf3 16. gxf3 Bxh2+ 17. Kg2 Bd6 18. e4 Bb4 19. Rh1 Rd8 20. Be3 g5 21. Rh6 Qe7 22. Rah1 g4 23. e5 gxf3+ 24. Kxf3 Nd5 25. Rxh7 Rf8 26. Bh6 Rg8 27. Qd3 Qe6 28. Bg7 Bf8 29. R1h6 Qd7 30. e6 fxe6 31. Qg6+ Qf7+ 32. Qxf7+ Kxf7 33. Be5+ Bg7 34. Bxg7 Rxg7 35. Rxg7+ Kxg7 36. Rxe6 Rf8+ 37. Kg3 Rf5 38. Bxd5 Rxd5 39. Re4 b5 40. b3 Kf6 41. Kf3 Rh5 42. Ke2 Rh3 43. axb5 cxb5 44. f3 a4 45. bxa4 bxa4 46. d5 a3 47. d6 Rh8 48. d7 Rd8 49. Ra4 Rxd7 50. Rxa3 Rb7 51. Ra5 Re7+ 52. Kd3 Re5 53. Rxe5 Kxe5 1/2-1/2

[Event "41st Jacques-Lemans-Open 2022"]
[Site "St. Veit/Glan"]
[Date "2022.07.10"]
[Round "3.30"]
[White "Leitner, Gerald"]
[Black "Hafner, Robert"]
[Result "1/2-1/2"]
[ECO "A12"]
[WhiteElo "2145"]
[BlackElo "1933"]
[Annotator "RC"]
[PlyCount "92"]
[EventDate "2022.07.09"]
[EventType "swiss"]
[EventCountry "AUT"]
[SourceTitle "playchess.com"]
[Source "ChessBase"]
[SourceQuality "1"]
[TimeControl "40/5400+30:1800+30"]

1. c4 c6 2. Nf3 d5 3. b3 Nf6 4. Bb2 Bf5 5. g3 e6 6. Bg2 Be7 7. O-O O-O 8. d3 h6 9. Nbd2 Nbd7 10. a3 a5 11. Rc1 Re8 12. Re1 Bh7 13. h3 Bf8 14. cxd5 cxd5 15. Bf1 Rc8 16. Rxc8 Qxc8 17. Qa1 Qa8 18. Rc1 Rc8 19. Nd4 Ne8 20. Nb5 b6 21. Bd4 Qa6 22. Rxc8 Qxc8 23. Qb2 Qc6 24. a4 Nc7 25. Nxc7 Qxc7 26. Nf3 Bg6 27. Ne5 Nxe5 28. Bxe5 Qc5 29. Bd4 Qc7 30. Bg2 f6 31. Bc3 Bf7 32. e4 dxe4 33. Bxe4 e5 34. d4 exd4 35. Bxd4 Bc5 36. Qc3 Qd6 37. Bxc5 Qxc5 38. Qd3 Qc7 39. Kg2 Kf8 40. Bf5 Qc6+ 41. Be4 Qc7 42. Kf3 Ke7 43. Bd5 Qd6 44. Qe4+ Kf8 45. Bc4 Qd1+ 46. Kg2 Bxc4 1/2-1/2